 Dungeon Crawl Stone Soup version 0.25.0-9-g26727b657a (webtiles) character file.

Game seed: 12930915749709586135

68980 Delamore the Brawler (level 15, -14/93 HPs)
             Began as a Gargoyle Fighter on June 20, 2020.
             Was the Champion of Okawaru.
             Demolished by a spriggan berserker
             ... wielding a +0 antimagic war axe
              (17 damage)
             ... on level 1 of the Depths.
             The game lasted 00:41:45 (20552 turns).

Delamore the Brawler (Gargoyle Fighter)            Turns: 20552, Time: 00:41:45

Health: -14/93     AC: 34    Str: 32    XL:     15   Next: 28%
Magic:  0/15       EV: 12    Int: 12    God:    Okawaru [******]
Gold:   1076       SH: 15    Dex: 10    Spells: 14/14 levels left

rFire    . . .     SeeInvis .     - Unarmed
rCold    . . .     Gourm    .   b - +0 kite shield
rNeg     + . .     Faith    +   P - +3 chain mail {MR+}
rPois    ∞         Spirit   .   J - +2 hat {MR+}
rElec    +         Reflect  .   p - +0 cloak
rCorr    .         Harm     .   N - +2 pair of gloves of Chimes {rElec Int+4}
MR       +++..                  G - +0 pair of boots
Stlth    ..........             Q - amulet of faith
HPRegen  0.25/turn              q - ring "Fustryiki" {+Fly Stlth+}
MPRegen  0.14/turn              I - +6 ring of strength

@: studying Translocations
A: big wings, negative energy resistance 1, electricity resistance, unbreathing,
petrification resistance, rot immunity, AC +11
a: Fly, Heroism, Finesse, Renounce Religion, Evoke Flight


You were on level 1 of the Depths.
You worshipped Okawaru.
Okawaru was exalted by your worship.
You were very hungry.

You visited 2 branches of the dungeon, and saw 17 of its levels.

You collected 1256 gold pieces.
You spent 180 gold pieces at shops.

Inventory:

Hand Weapons
 m - the +6 demon trident of Skirmishing {venom, rElec rPois rF+++ Dex-5}
   (Okawaru gifted it to you on level 15 of the Dungeon)

   It poisons the flesh of those it strikes.
   It affects your dexterity (-5).
   It renders you almost immune to fire.
   It insulates you from electricity.
   It protects you from poison.
Missiles
 s - 63 poisoned darts (quivered)
 t - 6 throwing nets
 Y - 4 curare-tipped darts
Armour
 b - a +0 kite shield (worn)
 p - a +0 cloak (worn)
 v - the -7 pair of boots of Nab Tor {+Fly rC+++ rN+ Dex-2}
   (Okawaru gifted it to you on level 1 of the Depths)

   It affects your dexterity (-2).
   It renders you almost immune to cold.
   It protects you from negative energy.
   It lets you fly.
 G - a +0 pair of boots (worn)
 J - a +2 hat of magic resistance (worn)
 N - the +2 pair of gloves of Chimes (worn) {rElec Int+4}
   (Okawaru gifted it to you on level 11 of the Dungeon)

   It affects your intelligence (+4).
   It insulates you from electricity.
 P - a +3 chain mail of magic resistance (worn)
 W - a +1 crystal plate armour
Jewellery
 q - the ring "Fustryiki" (left hand) {+Fly Stlth+}
   (You found it on level 6 of the Dungeon)

   [ring of flight]

   It lets you fly.
   It makes you more stealthy.
 u - an uncursed amulet of reflection
 x - the ring "Yhuah" {rC- MR+ Int+6 Dex+4}
   (You took it off an efreet on level 14 of the Dungeon)

   [ring of intelligence]

   It affects your intelligence (+6).
   It affects your dexterity (+4).
   It makes you vulnerable to cold.
   It affects your resistance to hostile enchantments.
 I - a +6 ring of strength (right hand)
 L - an uncursed amulet of magic regeneration {unknown}
 O - the ring "Egimp" {rPois MR+++ Str+6 Slay-3}
   (You took it off a boggart on level 14 of the Dungeon)

   [ring of strength]

   It affects your strength (+6).
   It affects your accuracy and damage with ranged weapons and melee attacks
   (-3).
   It protects you from poison.
   It affects your resistance to hostile enchantments.
 Q - an amulet of faith (around neck)
 S - the ring of the Suburbs {Wiz MR- MP+9 Str+9 Dex-3}
   (You found it on level 14 of the Dungeon)

   [ring of wizardry]

   It improves your spell success rate.
   It affects your strength (+9).
   It affects your dexterity (-3).
   It affects your resistance to hostile enchantments.
   It affects your magic capacity (+9).
 V - the amulet of Hauloph {Acrobat +Fly rElec rC- MR-, unknown}
   (You found it on level 14 of the Dungeon)

   [amulet of the acrobat]

   It helps you evade while moving and waiting.
   It makes you vulnerable to cold.
   It insulates you from electricity.
   It affects your resistance to hostile enchantments.
   It lets you fly.
 Z - an uncursed ring of see invisible
Wands
 g - a wand of flame (8)
 n - a wand of polymorph (9)
 o - a wand of paralysis (8)
 D - a wand of clouds (13)
 F - a wand of disintegration (10)
Scrolls
 a - 3 scrolls of summoning
 c - a scroll of fear
 f - 3 scrolls of fog
 i - 5 scrolls of teleportation
 k - 2 scrolls of magic mapping
 l - 2 scrolls of immolation
 y - 4 scrolls of enchant armour
 z - 8 scrolls of remove curse
 A - a scroll of random uselessness
 C - 4 scrolls of enchant weapon
 M - a scroll of blinking {unknown}
 T - a scroll of identify
 U - a scroll of noise
 X - a scroll of amnesia {unknown}
Potions
 e - 7 potions of curing
 h - 3 potions of brilliance
 j - 5 potions of lignification
 r - 3 potions of magic
 w - 2 potions of cancellation
 H - a potion of haste
 R - a potion of invisibility
Books
 B - a manual of Translocations
Miscellaneous
 K - a lightning rod (4/4)
Comestibles
 d - 29 rations


   Skills:
 + Level 10.8 Fighting
 - Level 9.7 Armour
 - Level 7.0 Dodging
 - Level 15.3 Shields
 - Level 16.3 Unarmed Combat


You had 14 spell levels left.
You didn't know any spells.
Your spell library contained the following spells:

 Spells                   Type           Power        Failure   Level  Hunger
 Magic Dart               Conj           #...         77%         1    ##.....
 Searing Ray              Conj           #.....       88%         2    ###....
 Dazzling Flash           Conj/Hex       #.....       98%         3    ####...
 Fulminant Prism          Conj/Hex       #.........   100%        4    #####..
 Iskenderun's Mystic Bla  Conj/Tloc      #.......     100%        4    #####..


Dungeon Overview and Level Annotations

Branches:
Dungeon (15/15)            Temple (0/1) D:5            Lair (0/6) D:8
    Orc (0/2) D:11         Vaults (0/5) D:14         Depths (2/5) D:15

Altars:
Ashenzari
Cheibriados
Dithmenos
Elyvilon
Fedhas
Makhleb
Okawaru
Qazlal
Trog
Uskayaw
Vehumet
Xom
Yredelemnul
Zin
The Shining One

Shops:
D:7 (   D:11 [(*   D:13 [

Portals:
Hell: Depths:1
Abyss: Depths:1

Annotations:
D:6 2 runed translucent doors
D:12 2 runed translucent doors


Innate Abilities, Weirdness & Mutations

You are resistant to torment.
Your stone body is resilient. (AC +11)
You are immune to poison.
Your large and strong wings let you fly indefinitely.
You resist negative energy. (rN+)
You are resistant to electric shocks. (rElec)
You can survive without breathing.
You are immune to petrification.
You are immune to rotting.


Message History

As you read the scroll of fear, it crumbles to dust.
You assume a fearsome visage.
The spriggan berserker resists with almost no effort.
You block the elephant's attack. The elephant misses you.
The spriggan berserker hits you with a +0 antimagic war axe!!
* * * LOW HITPOINT WARNING * * *
Okay, then.
As you read the scroll labeled KAONIV GEOTEIX, it crumbles to dust.
You hear snatches of song.
It was a scroll of random uselessness.
The elephant tramples you but does no damage.
The elephant trunk-slaps you but does no damage.
You block the spriggan berserker's attack.
The elephant misses you. You block the elephant's attack.
As you read the scroll labeled ALOAPH JOTESMATT, it crumbles to dust.
You hear a loud clanging noise!
It was a scroll of noise.
You hear a shout!
The spriggan berserker hits you with a +0 antimagic war axe!
You die...

#..# #..# #..# #..#
.
##########(.######..
#.....>.............
#...................
#.....(.............
#...........@Y...?..
#............i......
#.....).............
#...................
#...................
#.................>.
#...................
#....####+####......
##### ###


You could see an elephant (summoned, berserk) and a spriggan berserker (berserk,
regenerating, resisting magic).

Vanquished Creatures
  A juggernaut (Depths:1)
  A tengu reaver (Depths:1)
  Louise (D:14)
  Erolcha (D:9)
  Harold (D:9)
  Josephine (D:14)
  An ice dragon (Depths:2)
  3 hydras
  4 centaur warriors
  Erica (D:11)
  8 two-headed ogres
  A death knight (D:14)
  A catoblepas (D:13)
  2 deep troll earth magi
  A tengu warrior (D:14)
  3 hell knights
  4 deep trolls
  3 unseen horrors
  An orange crystal statue (D:12)
  4 wizards
  3 necromancers
  A wolf spider (D:14)
  3 cyclopes
  21 ugly things
  2 manticores
  3 deep elf magi
  3 centaur zombies
  An elephant (D:8)
  Joseph (D:9)
  3 gargoyles
  A komodo dragon (D:11)
  Maggie (D:7)
  An efreet (D:14)
  A kobold demonologist (D:12)
  A yaktaur (Depths:1)
  A redback zombie (D:14)
  A tengu conjurer (D:14)
  3 meliai (D:15)
  4 trolls
  A hornet (D:14)
  2 dream sheep (D:8)
  5 hippogriffs
  A meliai zombie (D:11)
  2 centaur simulacra (D:15)
  2 shadows
  A water elemental (D:11)
  3 wraiths (D:14)
  A wyvern (D:14)
  27 yaks
  Eustachio (D:5)
  A hungry ghost (D:12)
  3 steam dragons
  2 acid dragons
  6 orc warriors
  2 sky beasts
  6 ice beasts
  An eye of draining (D:14)
  2 black bears
  A necrophage (D:6)
  8 ogres
  4 phantoms
  A boggart (D:14)
  11 centaurs
  2 crocodiles (D:8)
  6 big kobolds
  15 bullfrogs
  A wyvern skeleton (D:13)
  9 scorpions
  4 killer bees (D:10)
  3 electric eels
  4 howler monkeys
  23 wights
  12 crimson imps
  A wyvern simulacrum (D:14)
  A bullfrog skeleton (D:13)
  A bullfrog zombie (D:5)
  10 centaur skeletons
  A hound (D:7)
  5 jellies
  A gnoll shaman (D:8)
  4 orc priests
  10 orc wizards
  Crazy Yiuf (D:3)
  Jessica (D:3)
  5 iguanas
  Ijyb (D:4)
  Natasha (thrice) (D:3)
  15 worker ants
  A hound skeleton (D:8)
  3 worker ant zombies
  2 howler monkey skeletons
  Robin (D:3)
  10 adders
  5 gnolls
  3 shadow imps
  2 oozes
  An adder skeleton (D:6)
  2 adder zombies
  4 worms
  3 leopard geckos
  48 orcs
  4 giant cockroaches
  10 goblins
  4 hobgoblins
  9 jackals
  A quokka (D:3)
  A ball python (D:1)
  5 bats
  3 frilled lizards
  A jackal skeleton (D:7)
  16 kobolds
  A leopard gecko skeleton (D:4)
  2 quokka skeletons
  13 rats
486 creatures vanquished.

Vanquished Creatures (others)
  An orc (D:10)
  A quokka (D:9)
2 creatures vanquished.

Grand Total: 488 creatures vanquished

Notes
Turn   | Place    | Note
-------+----------+-------------------------------------------
     0 | D:1      | Delamore the Gargoyle Fighter began the quest for the Orb.
     0 | D:1      | Reached XP level 1. HP: 14/14 MP: 1/1
   153 | D:1      | Reached XP level 2. HP: 15/19 MP: 2/2
   402 | D:1      | Reached skill level 3 in Unarmed Combat
   619 | D:1      | Reached XP level 3. HP: 23/23 MP: 3/3
  1242 | D:3      | Noticed Natasha
  1263 | D:3      | Killed Natasha
  1263 | D:3      | Reached skill level 4 in Unarmed Combat
  1263 | D:3      | Reached XP level 4. HP: 9/28 MP: 4/4
  1432 | D:3      | Noticed Natasha
  1441 | D:3      | Killed Natasha
  1579 | D:3      | Reached skill level 5 in Unarmed Combat
  1579 | D:3      | Reached XP level 5. HP: 23/32 MP: 5/5
  1734 | D:3      | Noticed Natasha
  1740 | D:3      | Killed Natasha
  1980 | D:3      | Noticed a +0 hand axe
  1980 | D:3      | Noticed a +0 dagger
  1981 | D:3      | Found a hide-covered altar of Uskayaw.
  2050 | D:3      | Identified the +1 helmet "Igehoot" {Dex+4}
  2050 | D:3      | Noticed Robin
  2071 | D:3      | Killed Robin
  2133 | D:3      | Found a runed translucent door.
  2134 | D:3      | Noticed Crazy Yiuf
  2307 | D:3      | Found a glowing golden altar of the Shining One.
  2401 | D:3      | Found a burning altar of Makhleb.
  2573 | D:3      | Found an ornate altar of the Wu Jian Council.
  2575 | D:3      | Found a shimmering altar of Xom.
  2575 | D:3      | Found a burning altar of Makhleb.
  2577 | D:3      | Found a glowing silver altar of Zin.
  2577 | D:3      | Found a shimmering altar of Xom.
  2577 | D:3      | Found a blossoming altar of Fedhas.
  2695 | D:3      | Noticed Jessica
  2699 | D:3      | Killed Jessica
  2699 | D:3      | Reached skill level 6 in Unarmed Combat
  2699 | D:3      | Reached XP level 6. HP: 37/37 MP: 6/6
  2723 | D:3      | Found a shadowy altar of Dithmenos.
  2726 | D:3      | Found an iron altar of Okawaru.
  2729 | D:3      | Found a snail-covered altar of Cheibriados.
  2734 | D:3      | Became a worshipper of Warmaster Okawaru
  2871 | D:3      | Killed Crazy Yiuf
  3108 | D:4      | Noticed a moth of wrath
  3144 | D:4      | Reached skill level 7 in Unarmed Combat
  3173 | D:4      | Reached XP level 7. HP: 29/41 MP: 7/7
  3270 | D:4      | Noticed Ijyb
  3284 | D:4      | Killed Ijyb
  3314 | D:4      | Reached * piety under Okawaru
  3416 | D:4      | Reached skill level 8 in Unarmed Combat
  3813 | D:4      | Found a bloodstained altar of Trog.
  3933 | D:5      | Entered Level 5 of the Dungeon
  4241 | D:5      | Noticed Eustachio
  4246 | D:5      | Reached skill level 9 in Unarmed Combat
  4246 | D:5      | Reached XP level 8. HP: 46/46 MP: 8/8
  4287 | D:5      | Killed Eustachio
  4464 | D:5      | Found a staircase to the Ecumenical Temple.
  4707 | D:6      | Found a large runed translucent door.
  4707 | D:6      | Found a large runed translucent door.
  4715 | D:6      | Noticed a troll
  4808 | D:6      | Found a large runed translucent door.
  4808 | D:6      | Found a large runed translucent door.
  4926 | D:6      | Reached skill level 10 in Unarmed Combat
  5002 | D:6      | Reached ** piety under Okawaru
  5047 | D:6      | Reached skill level 5 in Shields
  5279 | D:6      | Reached XP level 9. HP: 44/51 MP: 9/9
  5503 | D:6      | Noticed a five-headed hydra
  5509 | D:6      | HP: 2/51 [five-headed hydra (5)]
  5734 | D:5      | Killed a five-headed hydra
  5734 | D:5      | Reached *** piety under Okawaru
  5734 | D:5      | Reached skill level 11 in Unarmed Combat
  6367 | D:7      | Noticed Maggie
  6385 | D:7      | Killed Maggie
  6385 | D:7      | Reached XP level 10. HP: 56/56 MP: 10/10
  6453 | D:7      | Found a shadowy altar of Dithmenos.
  6669 | D:7      | Found Vusuah's Weapon Emporium.
  6719 | D:8      | Reached **** piety under Okawaru
  6750 | D:8      | Reached skill level 12 in Unarmed Combat
  6963 | D:8      | Noticed a two-headed ogre
  6982 | D:8      | Killed a two-headed ogre
  7166 | D:8      | Found a staircase to the Lair.
  7166 | D:8      | Noticed an elephant
  7287 | D:8      | Got a brightly glowing great mace
  7293 | D:8      | Identified the cursed +0 great mace of Tusuvemm {freeze,
                  | MR+ Int-3 Dex+2} (You found it on level 8 of the Dungeon)
  7552 | D:8      | Killed an elephant
  7552 | D:8      | Reached ***** piety under Okawaru
  7552 | D:8      | Reached skill level 10 in Shields
  7733 | D:8      | Found a basalt altar of Yredelemnul.
  7733 | D:8      | Found a stormy altar of Qazlal.
  8025 | D:8      | Reached skill level 13 in Unarmed Combat
  8038 | D:8      | Reached XP level 11. HP: 60/60 MP: 11/11
  8085 | D:8      | Noticed a two-headed hydra
  8091 | D:8      | Killed a two-headed hydra
  8096 | D:8      | Received a gift from Okawaru
  8443 | D:6      | Got a scorched amber ring
  8458 | D:6      | Identified the ring "Fustryiki" {+Fly Stlth+} (You found it
                  | on level 6 of the Dungeon)
  8678 | D:9      | Noticed Erolcha
  8687 | D:9      | Killed Erolcha
  8719 | D:9      | Found a white marble altar of Elyvilon.
  8971 | D:9      | Found a shattered altar of Ashenzari.
  9028 | D:9      | Found a radiant altar of Vehumet.
  9033 | D:9      | Noticed Harold
  9059 | D:9      | Killed Harold
  9130 | D:9      | Noticed Joseph
  9143 | D:9      | Killed Joseph
  9198 | D:9      | Reached skill level 14 in Unarmed Combat
  9598 | D:10     | Entered Level 10 of the Dungeon
 10614 | D:11     | Found Xame's Armour Shoppe.
 10620 | D:11     | Found a staircase to the Orcish Mines.
 10623 | D:11     | Found Abrol's Weapon Shoppe.
 10660 | D:11     | Noticed a manticore
 10661 | D:11     | Noticed a purple ugly thing
 10710 | D:11     | Killed a manticore
 10710 | D:11     | Reached XP level 12. HP: 62/64 MP: 12/12
 10736 | D:11     | Received a gift from Okawaru
 10737 | D:11     | Got a pair of polished gloves {god gift}
 10743 | D:11     | Identified the +2 pair of gloves of Chimes {rElec Int+4}
                  | (Okawaru gifted it to you on level 11 of the Dungeon)
 10755 | D:11     | Found Ebracoge's Assorted Antiques.
 10767 | D:11     | Bought a thick steel amulet for 150 gold pieces
 10767 | D:11     | Bought a scroll labeled CYNKOTHR YVAF for 30 gold pieces
 10994 | D:11     | Noticed a two-headed ogre
 11003 | D:11     | Killed a two-headed ogre
 11107 | D:11     | Noticed a two-headed ogre
 11133 | D:11     | Killed a two-headed ogre
 11358 | D:11     | Reached skill level 15 in Unarmed Combat
 11631 | D:11     | Noticed Erica
 11666 | D:11     | Killed Erica
 12153 | D:12     | Noticed a soul eater
 12365 | D:12     | Reached ****** piety under Okawaru
 12489 | D:12     | Noticed a two-headed ogre
 12500 | D:12     | Killed a two-headed ogre
 12500 | D:12     | Reached XP level 13. HP: 59/68 MP: 13/13
 12547 | D:12     | Found a runed translucent door.
 12570 | D:12     | Found a runed translucent door.
 12582 | D:12     | Found a runed translucent door.
 12594 | D:12     | Found a runed translucent door.
 13149 | D:12     | Received a gift from Okawaru
 13149 | D:12     | Reached skill level 16 in Unarmed Combat
 13314 | D:13     | Reached skill level 15 in Shields
 13970 | D:13     | Received a gift from Okawaru
 13971 | D:13     | Got a twisted chain mail {god gift}
 13982 | D:13     | Identified the +6 chain mail of Narcissism {rElec rPois
                  | Str-5 Stlth+} (Okawaru gifted it to you on level 13 of the
                  | Dungeon)
 14488 | D:13     | Found Noozocri's Armour Emporium.
 14570 | D:14     | Found a runed translucent door.
 14576 | D:14     | Identified the ring "Yhuah" {rC- MR+ Int+6 Dex+4}
 14584 | D:14     | Reached skill level 1 in Dodging
 14602 | D:14     | Identified the ring "Egimp" {rPois MR+++ Str+6 Slay-3}
 14916 | D:14     | Noticed Josephine
 14935 | D:14     | Killed Josephine
 14935 | D:14     | Reached skill level 5 in Fighting
 14935 | D:14     | Reached skill level 5 in Armour
 15055 | D:14     | Got a transparent wooden ring
 15058 | D:14     | Got a smoking crystal amulet
 15061 | D:14     | Identified the ring of the Suburbs {Wiz MR- MP+9 Str+9
                  | Dex-3} (You found it on level 14 of the Dungeon)
 15074 | D:14     | Received a gift from Okawaru
 15417 | D:14     | Noticed Louise
 15429 | D:14     | Killed Louise
 15429 | D:14     | Gained mutation: Your large and strong wings let you fly
                  | indefinitely. [Gargoyle growth]
 15429 | D:14     | Reached XP level 14. HP: 80/80 MP: 14/14
 15999 | D:14     | Found a gate to the Vaults.
 16297 | D:15     | Entered Level 15 of the Dungeon
 16343 | D:15     | Received a gift from Okawaru
 16344 | D:15     | Got a masterwork demon trident {god gift}
 16574 | D:14     | Identified the +6 demon trident of Skirmishing {venom,
                  | rElec rPois rF+++ Dex-5} (Okawaru gifted it to you on level
                  | 15 of the Dungeon)
 16614 | D:14     | Reached skill level 5 in Dodging
 17082 | D:15     | Received a gift from Okawaru
 18091 | D:15     | Received a gift from Okawaru
 18242 | D:15     | Found a staircase to the Depths.
 18265 | D:15     | Received a gift from Okawaru
 18519 | Depths:1 | Entered Level 1 of the Depths
 18944 | Depths:1 | Noticed a juggernaut
 18966 | Depths:1 | Killed a juggernaut
 18966 | Depths:1 | Received a gift from Okawaru
 18966 | Depths:1 | Reached XP level 15. HP: 46/92 MP: 10/15
 19662 | D:15     | Reached skill level 10 in Fighting
 19700 | Depths:1 | Got a pair of translucent boots {god gift}
 19711 | Depths:1 | Identified the -7 pair of boots of Nab Tor {+Fly rC+++ rN+
                  | Dex-2} (Okawaru gifted it to you on level 1 of the Depths)
 19821 | Depths:1 | Noticed a tengu reaver
 19848 | Depths:1 | Killed a tengu reaver
 20004 | Depths:1 | Found a one-way gate to the infinite horrors of the Abyss.
 20039 | Depths:1 | Found a gateway to Hell.
 20550 | Depths:1 | HP: 2/93 [spriggan berserker/+0 antimagic war axe (21)]
 20552 | Depths:1 | Demolished by a spriggan berserker

Illustrated notes

Levels and vault maps discovered:
D:1:      lightli_arrival_statue_moat, layout_basic
D:2:      layout_rooms, first_ration
D:3:      layout_loops_ring, doesnt_xom_only_xom, grunt_temple_overflow_diamond,
          bloody_makhleb, dancing_weapons_uskayaw, tso_altar,
          kennysheep_generic_room_14, uniq_jessica, uniq_natasha,
          uniq_crazy_yiuf_cottage, uniq_robin
D:4:      layout_basic, tgw_trog, uniq_ijyb
D:5:      layout_basic, minmay_temple_entry_stoned_glass, uniq_eustachio
D:6:      layout_loops_cross, minmay_hollow_rounded_squares
D:7:      layout_basic, serial_shops, shop, grunt_dithmenos_smoke, uniq_maggie
D:8:      layout_rooms, gammafunk_temple_overflow_statue, david_lair_generic,
          hangedman_ranch [blue_anna_fruit_fields], nrook_campfire,
          kennysheep_cross_bottleneck, nicolae_underground_beach
D:9:      layout_irregular_city, kennysheep_mini_moat, elyvilon_altar_4,
          vehumet_crystals, minmay_joined_circles, uniq_erolcha, uniq_harold,
          uniq_joseph
D:10:     layout_basic, serial_bayou_ford_a
D:11:     layout_roguey, orc_david_3, serial_shops,
          nicolae_shop_window_shopping, fungi_pond_lemuel, nicolae_two_hexagons,
          kennysheep_cross_room, small_statue_intersection, grunt_ministairs_9,
          uniq_erica
D:12:     layout_gridville, minmay_statue_crystal_thing
D:13:     layout_cave_pods, serial_shops, kennysheep_mini
D:14:     minmay_the_grid_triangle_9x9_rhombus_thin_mashed
          [minmay_the_grid_triangle_9x9_subtriangle,
          minmay_the_grid_triangle_9x9_prize_special,
          minmay_the_grid_triangle_9x9_windchime,
          minmay_the_grid_triangle_9x9_steps], layout_long_grid, david_vaults_1,
          infiniplex_staircase_pillars_2, uniq_louise, uniq_josephine
D:15:     grunt_enter_depths_magical_seal, layout_basic,
          chequers_serial_rivers_marsh
Depths:1: layout_small_grid, abyss_entry, kennysheep_decorative_pillar,
          grunt_hell_horde, dk_noncrumbling_4, kennysheep_generic_room_8
Depths:2: box_level_dp, hell_entry

Skill      XL: |  1  2  3  4  5  6  7  8  9 10 11 12 13 14 15 |
---------------+----------------------------------------------+-----
Unarmed Combat | 3 4 5 6 7 9 10 11 13 14 15 16 | 16.3
Shields        | 5 8 10 12 14 15 | 15.3
Dodging        | 3 7 |  7.0
Fighting       | 6 9 10 | 10.8
Armour         | 6 9 |  9.7

Action                   |  1- 3 |  4- 6 |  7- 9 | 10-12 | 13-15 || total
-------------------------+-------+-------+-------+-------+-------++-------
Melee: Unarmed           |   151 |   223 |   300 |   806 |   869 ||  2349
       Demon trident     |       |       |       |       |     1 ||     1
Throw: Dart              |       |       |     5 |    31 |    10 ||    46
       Throwing net      |       |       |       |       |     1 ||     1
Invok: Heroism           |       |       |     1 |       |       ||     1
       Finesse           |       |       |       |     1 |     5 ||     6
Evoke: Lightning rod     |       |       |       |       |     5 ||     5
       Wand              |       |       |       |       |     4 ||     4
  Use: Scroll            |       |     9 |     1 |     7 |    11 ||    28
       Potion            |       |       |     1 |     2 |     9 ||    12
 Stab: Distracted        |       |       |       |     1 |       ||     1
       Confused          |       |       |       |       |     1 ||     1
       Held in net/web   |       |       |       |       |     1 ||     1
  Eat: Chunk             |     1 |     6 |    11 |    20 |    15 ||    53
       Ration            |       |       |       |       |     3 ||     3
Armor: Scale mail        |    52 |    79 |    98 |     1 |       ||   230
       Swamp dragon scal |       |       |       |    30 |       ||    30
       Ring mail         |       |       |       |   128 |       ||   128
       Chain mail        |       |       |       |    32 |   364 ||   396
Dodge: Dodged            |    35 |    45 |    54 |   129 |   200 ||   463
Block: Kite shield       |    61 |    99 |   232 |   549 |   507 ||  1448
       Reflection        |       |     1 |     6 |    20 |     1 ||    28
